 Dungeon Crawl Stone Soup version bcrawl-1.37.2 (webtiles) character file.

Game seed: 13972359207701970111

250455 Mehrunes the Basher (level 11, -1/89 HPs)
             Began as a Human Archaeologist on Nov 18, 2022.
             Was a High Priest of Ru.
             Succumbed to a cane toad's poison
             ... on level 1 of the Lair of Beasts.
             The game lasted 00:29:10 (11695 turns).

Mehrunes the Basher (Human Archaeologist)          Turns: 11695, Time: 00:29:10

Health: -1/89      AC: 20    Str: 15    XL:     11   Next: 15%
Magic:  11/11      EV:  9    Int: 15    God:    Ru [*****.]
Gold:   837        SH:  0    Dex: 11    Spells: 10/10 levels left

rFire    . . .     GDR:     27% O - +1 flail (protect)
rCold    . . .     SeeInvis .   (no shield)
rNeg     + + .     Gourm    .   Q - +0 chain mail "Unluqu" {rN+} (curse)
rPois    .         Faith    +   d - +1 hat
rElec    .         Spirit   .   a - +0 cloak
rCorr    .         Reflect  .   (no gloves)
MR       +....                  r - +1 pair of boots
Stlth    ..........             h - amulet of faith
HPRegen  0.24/turn              K - ring of positive energy
MPRegen  0.12/turn              M - ring of protection from magic

@: lethally poisoned (-1 -> -41), exhausted, protection aura, lightly drained
A: inability to drink while threatened, hated by all, inexperienced 1
a: Draw Out Power, Power Leap, Apocalypse, Renounce Religion


You were on level 1 of the Lair of Beasts.
You worshipped Ru.
Ru was extremely pleased with you.
You were very hungry.

You visited 2 branches of the dungeon, and saw 10 of its levels.
You also visited: Ossuary.

You collected 837 gold pieces.

Inventory:

Hand Weapons
 b - a +0 blowgun
 w - a +2 dagger of venom
 B - a +0 morningstar
 O - a +1 flail of protection (weapon)
Missiles
 f - 2 curare-tipped needles
 l - 186 poisoned needles
 t - 2 throwing nets {=f}
Armour
 a - a +0 cloak (worn)
 d - a +1 hat (worn)
 k - a +0 chain mail
 r - a +1 pair of boots (worn)
 Q - the cursed +0 chain mail "Unluqu" (worn) {rN+}
   (You found it on level 9 of the Dungeon)

   It protects you from negative energy.
   It has a curse placed upon it.
Jewellery
 h - an amulet of faith (around neck)
 K - a ring of positive energy (left hand)
 M - a ring of protection from magic (right hand)
 N - an uncursed ring of magical power
Wands
 D - a wand of random effects (15)
Scrolls
 g - 2 scrolls of magic mapping
 j - 3 scrolls of remove curse
 o - 4 scrolls of immolation
 p - 5 scrolls of teleportation
 s - 2 scrolls of amnesia
 x - 5 scrolls of enchant armour
 y - a scroll of fog
 F - 4 scrolls of enchant weapon
Potions
 m - 2 potions of magic
 u - 2 potions of cancellation {unknown}
 v - 2 potions of might {unknown}
 z - 3 potions of haste {unknown}
 A - 2 potions of berserk rage
 C - a potion of resistance {unknown}
 G - 3 potions of brilliance
 I - 6 potions of curing
 J - a potion of lignification {unknown}
 L - a potion of mutation {unknown}
 P - a potion of heal wounds {unknown}
 R - a potion of flight {unknown}
Comestibles
 e - 11 rations {!d}


   Skills:
 + Level 9.1(8.7) Fighting
 + Level 11.4(11.0) Maces & Flails
 + Level 4.7(4.3) Armour
 - Level 9.2(8.8) Dodging
 - Level 4.3(3.9) Stealth


You had 10 spell levels left.
You didn't know any spells.
Your spell library contained the following spells:

 Spells                   Type           Power        Failure   Level  Hunger
 Magic Dart               Conj           #...         99%         1    None
 Searing Ray              Conj           #.......     100%        2    ####...
 Iskenderun's Mystic Bla  Conj           #.......     100%        3    #####..
 Fulminant Prism          Conj/Hex       #.........   100%        4    ######.
 Irradiate                Conj/Tmut      #.........   100%        5    #######


Dungeon Overview and Level Annotations

Branches:
Dungeon (9/12)             Temple (0/1) D:4            Lair (1/6) D:9
    Orc: D:8-11

Altars:
Cheibriados
Dithmenos
Lugonu
Nemelex Xobeh
Ru
Vehumet
Wu Jian
Xom
Zin
The Shining One

Shops:
D:5 (   D:7 *   D:8 (%

Annotations:
D:3 1 runed door
D:5 1 runed translucent door, BreqofToren's ghost, novice EnSA


Innate Abilities, Weirdness & Mutations

You cannot drink potions while threatened.
You are hated by all.
You are somewhat inexperienced. (-2 XL)


Message History

You closely miss the cane toad.
The cane toad is severely wounded.
* * * LOW HITPOINT WARNING * * *
You feel very sick. The cane toad barely misses you.
Wield which item (- for none, * to show all)? (? for menu, Esc to quit)
Okay, then.
As you read the scroll of fear, it crumbles to dust.
You assume a fearsome visage.
The cane toad resists with some effort.
* * * LOW HITPOINT WARNING * * *
You feel very sick. The cane toad hits you.
* * * LOW HITPOINT WARNING * * *
As you read the scroll of fear, it crumbles to dust.
You assume a fearsome visage.
The cane toad looks frightened!
* * * LOW HITPOINT WARNING * * *
You feel very sick.
You cannot drink potions in your current state!
You can drink potions again.
You die...

#......... #........#
#........## #........P#
#........# . #
#........# .#
#.##....F...##P.#
#......................#
#...... ##...@.....####
###.#.#.# #.##.##..###
#.......# #..####
........## ##.#
..#......# #..#
.#......## ##.#
..#......# ###'#######
........## ##.........#
..#.....#####..........#


You could see a cane toad (fleeing).

Vanquished Creatures
  2 two-headed ogres
  An ugly thing (D:8)
  A cane toad (Lair:1)
  2 trolls
  A hippogriff (D:5)
  Sigmund (D:6)
  A human (D:8)
  A wraith (D:8)
  A basilisk (D:9)
  Menkaure (D:6)
  A hungry ghost (D:7)
  Edmund (D:5)
  3 crocodiles
  2 water moccasins
  2 porcupines (D:9)
  An ice beast (D:7)
  3 black bears
  2 phantoms
  2 sky beasts
  A wolf (D:9)
  2 ogres
  2 necrophages (D:8)
  3 bullfrogs
  A kobold brigand (D:6)
  Blork the orc (D:6)
  A centaur (D:9)
  3 scorpions
  A howler monkey (D:8)
  An orc priest (D:6)
  A crimson imp (D:7)
  5 hounds
  2 jellies
  3 bullfrog skeletons
  4 orc wizards
  2 worker ants
  A killer bee zombie (D:7)
  A hound skeleton (D:7)
  8 mummies
  A worker ant zombie (D:5)
  A howler monkey skeleton (D:8)
  9 adders
  2 shadow imps
  4 oozes
  2 adder skeletons (D:4)
  10 worms
  4 dart slugs
  A leopard gecko (D:1)
  29 orcs
  A ball python (D:3)
  3 bats
  5 giant cockroaches
  A gnoll zombie (Ossuary)
  4 goblins
  8 hobgoblins
  8 jackals
  4 quokkas
  6 frilled lizards
  5 hobgoblin zombies
  10 kobolds
  3 kobold zombies
  An orc zombie (Ossuary)
  A quokka skeleton (D:6)
  7 rats
  A butterfly (D:9)
203 creatures vanquished.

Vanquished Creatures (others)
  A mummy (Ossuary)
  A fungus (D:9)
  2 plants (D:9)
  2 withered plants (D:5)
6 creatures vanquished.

Grand Total: 209 creatures vanquished

Notes
Turn   | Place    | Note
-------+----------+-------------------------------------------
     0 | D:1      | Mehrunes the Human Archaeologist began the quest for the
                  | Orb.
     0 | D:1      | Reached XP level 1. HP: 15/15 MP: 1/1
   239 | D:1      | Reached XP level 2. HP: 20/21 MP: 2/2
   623 | D:1      | Reached XP level 3. HP: 24/26 MP: 3/3
  1313 | D:2      | Reached XP level 4. HP: 33/33 MP: 4/4
  1707 | D:3      | Found a runed door.
  1987 | D:3      | Reached XP level 5. HP: 36/39 MP: 5/5
  1987 | D:3      | Identified a scroll of acquirement
  2129 | D:3      | Reached skill level 2 in Maces & Flails
  2560 | D:3      | Found a glowing silver altar of Zin.
  3029 | D:4      | Reached skill level 3 in Maces & Flails
  3029 | D:4      | Reached XP level 6. HP: 42/47 MP: 6/6
  3107 | D:4      | Found a sacrificial altar of Ru.
  3114 | D:4      | Became a worshipper of Ru the Awakened
  3162 | D:4      | Found a staircase to the Ecumenical Temple.
  3409 | D:4      | Reached skill level 4 in Maces & Flails
  3409 | D:4      | Reached skill level 5 in Dodging
  3952 | D:5      | Entered Level 5 of the Dungeon
  3964 | D:5      | Reached XP level 7. HP: 41/52 MP: 7/7
  4233 | D:5      | Found Gor Tedwy's Antique Weapon Emporium.
  4317 | D:5      | Noticed a hippogriff
  4320 | D:5      | Noticed Edmund
  4333 | D:5      | Killed a hippogriff
  4334 | D:5      | Reached skill level 5 in Maces & Flails
  4573 | D:5      | Killed Edmund
  4574 | D:5      | Reached XP level 8. HP: 54/61 MP: 8/8
  4746 | D:5      | Found a runed translucent door.
  4746 | D:5      | Noticed BreqofToren's ghost (novice EnSA)
  5054 | D:6      | Noticed Sigmund
  5216 | D:6      | Reached skill level 6 in Maces & Flails
  5333 | D:6      | Noticed Blork the orc
  5429 | D:6      | Gained mutation: You are somewhat inexperienced. (-2 XL)
                  | [Ru sacrifice]
  5429 | D:6      | Reached XP level 7. HP: 55/55 MP: 16/16
  5429 | D:6      | Reached XP level 6. HP: 49/49 MP: 15/15
  5429 | D:6      | Reached * piety under Ru
  5429 | D:6      | Reached ** piety under Ru
  5594 | D:6      | Noticed a water moccasin
  5617 | D:6      | Killed a water moccasin
  5618 | D:6      | Reached XP level 7. HP: 35/55 MP: 7/7
  5823 | D:6      | Killed Blork the orc
  6118 | D:6      | Found a sparkling altar of Nemelex Xobeh.
  6123 | D:6      | Killed Sigmund
  6124 | D:6      | Reached skill level 5 in Fighting
  6124 | D:6      | Reached skill level 7 in Maces & Flails
  6178 | D:6      | Noticed Menkaure
  6427 | D:6      | Found a blossoming altar of Fedhas.
  6532 | D:6      | Reached XP level 8. HP: 42/62 MP: 8/8
  6656 | D:6      | Killed Menkaure
  6749 | D:6      | Reached skill level 8 in Maces & Flails
  6836 | D:7      | Found a sand-covered staircase.
  6846 | Ossuary  | Entered an ossuary
  7378 | D:7      | Found Maptud's General Store.
  7462 | D:7      | Found a snail-covered altar of Cheibriados.
  7493 | D:7      | Found a radiant altar of Vehumet.
  7494 | D:7      | Found a shadowy altar of Dithmenos.
  7497 | D:7      | Found a glowing golden altar of the Shining One.
  7523 | D:7      | Found a corrupted altar of Lugonu.
  7590 | D:7      | Reached XP level 9. HP: 69/69 MP: 9/9
  7624 | D:7      | Found a sparkling altar of Nemelex Xobeh.
  7761 | D:7      | Reached skill level 9 in Maces & Flails
  7859 | D:7      | Gained mutation: You are hated by all. [Ru sacrifice]
  7859 | D:7      | Reached *** piety under Ru
  8223 | D:8      | Found Mun Tug's Weapon Shop.
  8311 | D:8      | Found Uvvanack's Food Emporium.
  8459 | D:8      | Noticed a two-headed ogre
  8495 | D:8      | Killed a two-headed ogre
  8496 | D:8      | Reached skill level 10 in Maces & Flails
  8496 | D:8      | Reached XP level 10. HP: 78/79 MP: 10/10
  9044 | D:9      | Noticed a white ugly thing
  9541 | D:9      | Reached skill level 1 in Armour
  9664 | D:8      | Gained mutation: You cannot drink potions while threatened.
                  | [Ru sacrifice]
  9664 | D:8      | Reached **** piety under Ru
  9664 | D:8      | Reached ***** piety under Ru
  9758 | D:9      | Found a staircase to the Lair.
  9771 | D:8      | Killed a white ugly thing
  9981 | D:9      | Found a shimmering altar of Xom.
 10072 | D:9      | Found an ornate altar of the Wu Jian Council.
 10090 | D:9      | Reached skill level 11 in Maces & Flails
 10118 | D:9      | Noticed a two-headed ogre
 10243 | D:9      | Got a faintly humming chain mail
 10471 | D:9      | Found a staircase to the Lair.
 10995 | D:9      | Killed a two-headed ogre
 10996 | D:9      | Reached XP level 11. HP: 72/89 MP: 11/11
 11139 | D:9      | Found a shimmering altar of Xom.
 11242 | D:9      | Found an ornate altar of the Wu Jian Council.
 11435 | Lair:1   | Entered Level 1 of the Lair of Beasts
 11458 | Lair:1   | Identified the cursed +0 chain mail "Unluqu" {rN+} (You
                  | found it on level 9 of the Dungeon)
 11694 | Lair:1   | HP: 2/89 [poisoned by a cane toad]
 11695 | Lair:1   | Succumbed to a cane toad's poison

Skill      XL: |  1  2  3  4  5  6  7  8  9 10 |
---------------+-------------------------------+-----
Stealth        | 4 |  4.3
Fighting       | 2 3 5 6 7 9 |  9.1
Dodging        | 4 5 7 8 9 |  9.2
Maces & Flails | 3 4 7 8 10 11 | 11.4
Armour         | 4 |  4.7

Action                   |  1- 3 |  4- 6 |  7- 9 | 10-12 || total
-------------------------+-------+-------+-------+-------++-------
Melee: Whip              |   147 |       |       |       ||   147
       Dagger            |    12 |   224 |    92 |    19 ||   347
       Flail             |       |    19 |   322 |   195 ||   536
 Fire: Blowgun           |       |     4 |       |       ||     4
Invok: Sacrifice Experie |       |     1 |       |       ||     1
       Sacrifice Love    |       |       |     1 |       ||     1
       Power Leap        |       |       |       |     2 ||     2
       Draw Out Power    |       |       |       |     2 ||     2
       Apocalypse        |       |       |       |     1 ||     1
       Sacrifice Drink   |       |       |       |     1 ||     1
  Use: Scroll            |       |     4 |     9 |    12 ||    25
       Potion            |       |       |     5 |       ||     5
 Stab: Sleeping          |     6 |     2 |     1 |     1 ||    10
       Invisible         |       |       |     5 |     6 ||    11
       Distracted        |       |       |     1 |     1 ||     2
  Eat: Chunk             |     6 |    12 |    15 |     9 ||    42
       Ration            |       |       |     4 |     1 ||     5
Armor: Robe              |     7 |       |       |       ||     7
       Ring mail         |    39 |    63 |   127 |    13 ||   242
       Chain mail        |       |       |       |    81 ||    81
Dodge: Dodged            |    84 |   126 |   223 |   114 ||   547
